 Dungeon Crawl Stone Soup version 0.29.1 (webtiles) character file.

Game seed: 7332841630767660403

63 lmSkywalker the Ruffian (level 3, -3/42 HPs)
             Began as a Draconian Transmuter on Sept 12, 2022.
             Slain by Terence
             ... wielding a +1 morningstar of protection
              (6 damage)
             ... on level 3 of the Dungeon.
             The game lasted 00:09:39 (2452 turns).

lmSkywalker the Ruffian (Draconian Transmuter)      Turns: 2452, Time: 00:09:40

Health: -3/42      AC: 21    Str: 12    XL:     3   Next: 87%
Magic:  6/6        EV:  2    Int: 15    God:
Gold:   143        SH:  0    Dex: 11    Spells: 0/6 levels left

rFire   . . .      SeeInvis .   b - +0 hand axe
rCold   . . .      Faith    .   (no shield)
rNeg    . . .      Spirit   .   (body armour unavailable)
rPois   +          Reflect  .   (helmet currently unavailable)
rElec   .          Harm     .   (cloak currently unavailable)
rCorr   .          Rampage  .   (gloves currently unavailable)
Will    .....      NoTele   +   (boots currently unavailable)
Stlth   +.........              e - amulet of magic regeneration
HPRegen 0.14/turn               (no ring)
MPRegen 0.50/turn               (no ring)

@: tree-form
A: stationary, stasis, torment immunity, boosted hp, AC +5, unfitting armour,
(cold-blooded)
a: no special abilities


You were on level 3 of the Dungeon.
You were a tree.
You visited 1 branch of the dungeon, and saw 3 of its levels.

You collected 143 gold pieces.

Inventory:

Hand Weapons
 a - a +0 sling
 b - a +0 hand axe (weapon)
Missiles
 f - 4 poisoned darts
Jewellery
 e - an amulet of magic regeneration (around neck)
Scrolls
 g - a scroll of blinking {unknown}
 h - a scroll of summoning {unknown}
 i - a scroll of identify {unknown}
Potions
 c - a potion of might {unknown}
 d - a potion of ambrosia {unknown}
 j - a potion of berserk rage {unknown}
 l - a potion of curing {unknown}
 m - a potion of degeneration {unknown}


   Skills:
 - Level 1.1 Fighting
 - Level 1.7 Dodging
 + Level 4.6 Unarmed Combat
 - Level 2.0 Spellcasting
 + Level 2.1 Transmutations
 + Level 0.5 Poison Magic


You couldn't memorise any spells.
You knew the following spells:

 Your Spells              Type           Power      Damage    Failure   Level
a - Beastly Appendage     Tmut           14%        N/A       10%         1
b - Wereblood             Tmut           7%         N/A       14%         2
c - Spider Form           Tmut/Pois      5%         N/A       36%         3

Your spell library contained the following spells:

 Spells                   Type           Power      Damage    Failure   Level
 Ice Form                 Ice/Tmut       4%         N/A       82%         4


Dungeon Overview and Level Annotations

Branches:
Dungeon (3/15)

Altars:

Annotations:
D:3 Terence


Innate Abilities, Weirdness & Mutations

You are a tree.
Your roots penetrate the ground, keeping you stationary.
You cannot be teleported.
You are immune to unholy pain and torment.
Your maximum health is greatly increased.
Your equipment is partially melded.
((Your plain brown scales are hard. (AC +5)))
You cannot fit into any form of body armour.
((You are cold-blooded and may be slowed by cold attacks.))


Message History

You hit Terence but do no damage. Your kick misses Terence.
You headbutt Terence, but do no damage. Terence closely misses you.
You hit Terence but do no damage. You claw Terence.
Your tail-slap misses Terence.
Terence is lightly wounded.
Terence looks scornfully at you. Terence misses you.
Terence closely misses you.
You hit Terence but do no damage. You claw Terence.
Terence is lightly wounded.
Terence hits you with a +1 morningstar of protection.
You hit Terence but do no damage.
Your tail-slap misses Terence.
You punch Terence, but do no damage.
Terence is lightly wounded.
Your transformation is almost over.
Terence misses you.
You hit Terence but do no damage. You claw Terence, but do no damage.
You tail-slap Terence, but do no damage.
Terence is lightly wounded.
Terence closely misses you.
You barely miss Terence. You punch Terence, but do no damage.
Terence is lightly wounded.
Terence hits you with a +1 morningstar of protection.
* * * LOW HITPOINT WARNING * * *
Terence completely misses you.
Okay, then.
Really quaff the potion of lignification?
Your horns disappear.
Your talons disappear.
You turn into a tree.
Your roots penetrate the ground.
Terence hits you but does no damage.
You hit Terence but do no damage.
Terence is lightly wounded.
Terence hits you with a +1 morningstar of protection.
* * * LOW HITPOINT WARNING * * *
You hit Terence but do no damage.
Terence is lightly wounded.
Terence hits you but does no damage.
You hit Terence. You punch Terence.
Terence is severely wounded.
Terence hits you with a +1 morningstar of protection.
You die...

....... .......
.@..... ......#
......# .......
##############.......
#.......♣@...........
###.........#...#....
#.........#...# .
#.........#...#
###.#######...# #.#
#...# #.# ##### #<#
###


You could see Terence.

Vanquished Creatures
  2 adders (D:2)
  A worm (D:2)
  A dart slug (D:1)
  3 endoplasms (D:2)
  4 goblins
  3 hobgoblins
  3 jackals (D:1)
  A quokka (D:1)
  5 ball pythons
  3 bats
  2 frilled lizards
  5 kobolds
  6 rats
39 creatures vanquished.

Notes
Turn   | Place    | Note
-------+----------+-------------------------------------------
     0 | D:1      | lmSkywalker the Draconian Transmuter began the quest for
                  | the Orb.
     0 | D:1      | Reached XP level 1. HP: 16/16 MP: 3/3
   374 | D:1      | Reached XP level 2. HP: 23/23 MP: 5/5
   912 | D:2      | Reached skill level 4 in Unarmed Combat
  1140 | D:2      | Reached XP level 3. HP: 8/28 MP: 6/6
  1597 | D:2      | Found a faded altar of an unknown god.
  2110 | D:2      | Learned a level 2 spell: Wereblood
  2114 | D:2      | Learned a level 3 spell: Spider Form
  2430 | D:3      | Noticed Terence
  2452 | D:3      | Slain by Terence

Illustrated notes

Levels and vault maps discovered:
D:1:      dpeg_arrival_orchard, layout_loops_cross
D:2:      layout_loops_corners, shapermc_ecumenical_altar_mp_highgroup,
          kennysheep_generic_room_15
D:3:      layout_basic, amcnicky_mini_pool_small, uniq_terence,
          uniq_crazy_yiuf_cottage, uniq_robin

Skill      XL: |  1  2 |
---------------+-------+-----
Unarmed Combat | 4 |  4.6
Fighting       | |  1.1
Dodging        | |  1.7
Spellcasting   | |  2.0
Transmutations | |  2.1
Poison Magic   | |  0.5

Action                   || total
-------------------------++-------
Melee: Hand axe          ||   100
       Kick              ||    17
       Headbutt          ||     8
       Punch             ||     7
       Tailslap          ||     6
 Fire: Sling             ||    49
 Cast: Beastly Appendage ||    17
       Wereblood         ||     1
  Use: Potion            ||     1
 Stab: Sleeping          ||     1
Armor: Skin              ||    48
Dodge: Dodged            ||    66
